 Dungeon Crawl Stone Soup version 0.22-a0-429-g97ce8ef (webtiles) character file.

173 MisterFreud the Charlatan (level 5, -2/41 HPs)
             Began as a Gnoll Artificer on May 25, 2018.
             Engulfed by a cloud of steam (12 damage)
             ... in a sewer.
             The game lasted 00:05:27 (2170 turns).

MisterFreud the Charlatan (Gnoll Artificer)         Turns: 2170, Time: 00:05:28

Health: -2/41      AC:  3    Str: 14    XL:     5   Next: 53%
Magic:  19/19      EV: 14    Int: 14    God:
Gold:   102        SH:  0    Dex: 16    Spells: 7/7 levels left

rFire    . . .     SeeInvis .   a - +0 short sword
rCold    . . .     Gourm    .   (no shield)
rNeg     . . .     Faith    .   j - +0 leather armour (curse)
rPois    .         Spirit   .   (no helmet)
rElec    .         Reflect  .   (no cloak)
rCorr    .         Harm     .   (no gloves)
MR       .....                  (no boots)
Stlth    ++........             (no amulet)
HPRegen  0.13/turn              g - ring of stealth
MPRegen  0.16/turn              m - ring of magical power

@: very slow
A: distributed training, fangs 1, strong nose
a: no special abilities


You were in a sewer.
You were not hungry.

You visited 1 branch of the dungeon, and saw 3 of its levels.
You also visited: Sewer.

You collected 102 gold pieces.

Inventory:

Hand Weapons
 a - a +0 short sword (weapon)
Missiles
 i - 94 arrows
 l - 23 sling bullets
 o - 2 javelins (quivered)
 q - 27 stones
 s - 21 poisoned needles
Armour
 j - a cursed +0 leather armour (worn)
Jewellery
 g - a ring of stealth (left hand)
 m - a ring of magical power (right hand)
Wands
 c - a wand of flame (15)
 d - a wand of enslavement (15)
 e - a wand of random effects (9)
Scrolls
 b - a scroll of identify {unknown}
 h - 2 scrolls of teleportation {unknown}
 k - a scroll of immolation {unknown}
 n - a scroll of remove curse {unknown}
 p - 2 scrolls of random uselessness {unknown}
 t - a scroll of magic mapping {unknown}
 u - a scroll of fear {unknown}
Potions
 r - 2 potions of curing {unknown}
 v - a potion of brilliance {unknown}
 x - a potion of heal wounds {unknown}
Comestibles
 f - 6 rations
 w - a chunk of flesh


   Skills:
 + Level 3.0 Fighting
 + Level 3.0 Short Blades
 + Level 1.5 Long Blades
 + Level 1.5 Axes
 + Level 1.5 Maces & Flails
 + Level 1.5 Polearms
 + Level 1.5 Staves
 + Level 1.5 Slings
 + Level 1.5 Bows
 + Level 1.5 Crossbows
 + Level 1.5 Throwing
 + Level 1.5 Armour
 + Level 4.8 Dodging
 + Level 2.8 Stealth
 + Level 1.5 Shields
 + Level 1.5 Unarmed Combat
 + Level 1.5 Spellcasting
 + Level 1.2 Conjurations
 + Level 1.2 Hexes
 + Level 1.2 Charms
 + Level 1.2 Summonings
 + Level 1.2 Necromancy
 + Level 1.2 Translocations
 + Level 1.2 Transmutations
 + Level 1.2 Fire Magic
 + Level 1.2 Ice Magic
 + Level 1.2 Air Magic
 + Level 1.2 Earth Magic
 + Level 1.2 Poison Magic
 + Level 1.7 Invocations
 + Level 6.7 Evocations


You had 7 spell levels left.
You didn't know any spells.
Your spell library was empty.

Dungeon Overview and Level Annotations

Branches:
Dungeon (3/15)

Altars:

Annotations:
Sewer Purgy


Innate Abilities, Weirdness & Mutations

Your experience applies equally to all skills.
You have very sharp teeth.
Your uncanny sense of smell can sniff out nearby items.


Message History

You hear an angry hiss.
Purgy completely misses you. Purgy claws you.
Purgy claws you but does no damage.
Evoke which item? (* to show all) (? for menu, Esc to quit)
Aiming: Random Effects
Press: ? - help, Shift-Dir - straight line, f/p - Purgy
Aim: Purgy (moderately wounded, misshapen and mutated)
The puff of flame misses Purgy.
You are engulfed in a cloud of scalding steam.
Purgy closely misses you. Purgy claws you. Purgy claws you but does no damage.
Evoke which item? (* to show all) (? for menu, Esc to quit)
Aiming: Random Effects
Press: ? - help, Shift-Dir - straight line, f/p - Purgy
Aim: Purgy (moderately wounded, misshapen and mutated)
The fireball explodes!
The fireball engulfs Purgy.
Purgy is heavily wounded.
The fireball engulfs you!
* * * LOW HITPOINT WARNING * * *
You are engulfed in a cloud of scalding steam.
You die...

≈≈≈≈≈ ≈≈≈≈≈≈≈ ≈≈≈≈≈≈≈
≈≈≈≈≈≈≈ ≈≈≈≈≈≈≈## ##
≈≈≈≈≈≈≈≈# #.
≈≈≈≈≈≈≈≈#######$∆∆ #.
≈≈≈≈≈≈≈≈@T§..§≈≈ ∆ ##
≈≈≈≈≈≈≈≈#######!∆∆
≈≈≈≈≈≈≈≈.# ≈≈≈≈≈≈≈†##
≈≈≈≈≈≈≈.## ≈≈≈≈≈≈≈≈≈###
## ≈≈≈≈≈≈≈≈≈.≈#### ##.
#≈≈≈≈≈≈≈≈≈≈≈..## #≈≈
##≈≈≈≈≈≈≈≈≈≈≈..########≈≈


You could see Purgy.

Vanquished Creatures
  An ogre (D:2)
  5 adders
  A worm (D:3)
  A leopard gecko (D:2)
  2 giant cockroaches (D:2)
  8 goblins
  6 hobgoblins
  A ball python (D:3)
  5 bats
  9 frilled lizards
  4 kobolds
  4 rats
47 creatures vanquished.

Notes
Turn   | Place    | Note
-------+----------+-------------------------------------------
     0 | D:1      | MisterFreud the Gnoll Artificer began the quest for the Orb.
     0 | D:1      | Reached XP level 1. HP: 17/17 MP: 4/4
   657 | D:2      | Reached XP level 2. HP: 23/23 MP: 6/6
   811 | D:2      | Reached XP level 3. HP: 24/28 MP: 7/7
  1220 | D:2      | Noticed an ogre
  1228 | D:2      | Killed an ogre
  1228 | D:2      | Reached skill level 1 in Long Blades
  1228 | D:2      | Reached skill level 1 in Axes
  1228 | D:2      | Reached skill level 1 in Maces & Flails
  1228 | D:2      | Reached skill level 1 in Polearms
  1228 | D:2      | Reached skill level 1 in Staves
  1228 | D:2      | Reached skill level 1 in Slings
  1228 | D:2      | Reached skill level 1 in Bows
  1228 | D:2      | Reached skill level 1 in Crossbows
  1228 | D:2      | Reached skill level 1 in Throwing
  1228 | D:2      | Reached skill level 1 in Armour
  1228 | D:2      | Reached skill level 1 in Shields
  1228 | D:2      | Reached skill level 1 in Unarmed Combat
  1228 | D:2      | Reached skill level 1 in Spellcasting
  1228 | D:2      | Reached skill level 1 in Conjurations
  1228 | D:2      | Reached skill level 1 in Hexes
  1228 | D:2      | Reached skill level 1 in Charms
  1228 | D:2      | Reached skill level 1 in Summonings
  1228 | D:2      | Reached skill level 1 in Necromancy
  1228 | D:2      | Reached skill level 1 in Translocations
  1228 | D:2      | Reached skill level 1 in Transmutations
  1228 | D:2      | Reached skill level 1 in Fire Magic
  1228 | D:2      | Reached skill level 1 in Ice Magic
  1228 | D:2      | Reached skill level 1 in Air Magic
  1228 | D:2      | Reached skill level 1 in Earth Magic
  1228 | D:2      | Reached skill level 1 in Poison Magic
  1228 | D:2      | Reached skill level 1 in Invocations
  1228 | D:2      | Reached XP level 4. HP: 17/34 MP: 8/8
  1228 | D:2      | Reached XP level 5. HP: 20/40 MP: 9/9
  1921 | D:3      | Found a glowing drain.
  1953 | Sewer    | Entered a sewer
  2165 | Sewer    | Noticed Purgy
  2170 | Sewer    | Engulfed by a cloud of steam

Vault maps used:
D:1:      minmay_arrival_plants_in_alcoves
D:2:      first_ration
D:3:      cheibrodos_sewer_entry_sluice, glass_columns_a
Sewer:    sewer_co_purgy_island

Skill      XL: |  1  2  3  4  5 |
---------------+----------------+-----
Long Blades    | 1 |  1.5
Axes           | 1 |  1.5
Maces & Flails | 1 |  1.5
Polearms       | 1 |  1.5
Staves         | 1 |  1.5
Slings         | 1 |  1.5
Bows           | 1 |  1.5
Crossbows      | 1 |  1.5
Throwing       | 1 |  1.5
Armour         | 1 |  1.5
Shields        | 1 |  1.5
Unarmed Combat | 1 |  1.5
Spellcasting   | 1 |  1.5
Conjurations   | 1 |  1.2
Hexes          | 1 |  1.2
Charms         | 1 |  1.2
Summonings     | 1 |  1.2
Necromancy     | 1 |  1.2
Translocations | 1 |  1.2
Transmutations | 1 |  1.2
Fire Magic     | 1 |  1.2
Ice Magic      | 1 |  1.2
Air Magic      | 1 |  1.2
Earth Magic    | 1 |  1.2
Poison Magic   | 1 |  1.2
Invocations    | 1 |  1.7
Fighting       | 3 |  3.0
Short Blades   | 3 |  3.0
Dodging        | |  4.8
Stealth        | |  2.8
Evocations     | |  6.7

Action                   |  1- 3 |  4- 6 || total
-------------------------+-------+-------++-------
Melee: Short sword       |    52 |   128 ||   180
       Bite              |     7 |    12 ||    19
       Punch             |       |     1 ||     1
Evoke: Wand              |     2 |     4 ||     6
 Stab: Sleeping          |     6 |     1 ||     7
       Paralysed         |     2 |       ||     2
  Eat: Chunk             |     1 |     3 ||     4
Armor: Leather armour    |    14 |    24 ||    38
Dodge: Dodged            |    34 |   108 ||   142

Table legend:
 A = Spawn XP
 B = Non-spawn XP
 C = Spawn XP percentage of total XP
 D = Spawn monster count
 E = Non-spawn monster count
 F = Spawn count percentage of total count
 G = Total turns spent on level
                    A         B        C        D         E        F      G
               +---------+---------+-------+---------+---------+-------+---------
         Total |       0 |     248 |   0.0 |       0 |      47 |   0.0 |  2170
               +---------+---------+-------+---------+---------+-------+---------
           D:1 |       0 |       7 |   0.0 |       0 |       4 |   0.0 |   618
           D:2 |       0 |     188 |   0.0 |       0 |      24 |   0.0 |  1043
           D:3 |       0 |      36 |   0.0 |       0 |      14 |   0.0 |   292
         Sewer |       0 |      17 |   0.0 |       0 |       5 |   0.0 |   217
               +---------+---------+-------+---------+---------+-------+---------
